 Dungeon Crawl Stone Soup version 0.19-a0-1170-g18f0c96 (webtiles) character file.

3766 poirepourri the Thaumaturge (level 10, -1/50 HPs)
             Began as a Gargoyle Earth Elementalist on Aug 17, 2016.
             Was a Believer of Vehumet.
             Slain by a warg (4 damage)
             ... while paralysed
             ... on level 7 of the Dungeon.
             The game lasted 00:19:37 (12369 turns).

poirepourri the Thaumaturge (GrEE)                 Turns: 12369, Time: 00:19:38

Health: -1/50      AC: 15    Str: 13    XL:     10   Next: 15%
Magic:  24/24      EV:  2    Int: 21    God:    Vehumet [**....]
Gold:   176        SH:  0    Dex: 10    Spells: 6 memorised, 13 levels left

rFire  . . .     SeeInvis .     b - +1 mace
rCold  . . .     Gourm    .     c - +2 robe
rNeg   + . .     Faith    .     (no shield)
rPois  ∞         Spirit   .     (no helmet)
rElec  +         Dismiss  .     u - +1 cloak
rCorr  +         Reflect  .     y - +1 pair of gloves
MR     .....     Harm     .     (no boots)
Stlth  ++........               (no amulet)
                                z - +3 ring of intelligence
                                i - ring of resist corrosion

@: paralysed, fainting
A: negative energy resistance 1, electricity resistance, unbreathing,
petrification resistance, rot immunity, AC +7
a: Renounce Religion


You were on level 7 of the Dungeon.
You worshipped Vehumet.
Vehumet was pleased with you.
You were fainting.

You visited 2 branches of the dungeon, and saw 9 of its levels.
You also visited: Ossuary.

You collected 380 gold pieces.
You spent 204 gold pieces at shops.

Inventory:

Hand Weapons
 b - a +1 mace (weapon)
 d - a +1 flail of crushing
Missiles
 q - 80 stones (quivered)
Armour
 c - a +2 robe (worn)
 u - a +1 cloak (worn)
 w - a +0 buckler
 y - a +1 pair of gloves (worn)
Jewellery
 i - a ring of resist corrosion (left hand)
 k - an uncursed ring of protection from cold
 z - a +3 ring of intelligence (right hand)
Wands
 p - a wand of digging (18/24)
 v - a wand of slowing (22/48)
Scrolls
 m - 2 scrolls of teleportation
 o - a scroll of recharging
 A - 6 scrolls of remove curse
 B - a scroll of fog
 D - 2 scrolls of blinking
 E - a scroll of enchant weapon
Potions
 a - a potion of flight
 f - 4 potions of agility
 j - 2 potions of brilliance
 l - 4 potions of mutation
 n - a potion of beneficial mutation {unknown}
 r - a potion of cancellation
 s - a potion of invisibility
 t - 3 potions of curing
 x - a potion of resistance {unknown}
 C - a potion of cure mutation {unknown}
Books
 e - a book of Geomancy

   Spells                             Type                      Level
   a - Sandblast                      Earth                        1
   b - Passwall                       Transmutation/Earth          2
   c - Stone Arrow                    Conjuration/Earth            3
   d - Petrify                        Transmutation/Earth          4
   e - Lee's Rapid Deconstruction     Earth                        5
 g - a book of the Dragon

   Spells                             Type                      Level
   a - Flame Tongue                   Conjuration/Fire             1
   b - Cause Fear                     Hexes                        4
   c - Bolt of Fire                   Conjuration/Fire             6
   d - Dragon Form                    Transmutation                7
   e - Dragon's Call                  Summoning                    9


   Skills:
 + Level 2.2 Dodging
 - Level 2.1 Stealth
 * Level 10.3 Spellcasting
 + Level 4.5 Conjurations
 + Level 0.7 Transmutations
 + Level 9.8 Earth Magic


You had 13 spell levels left.
You knew the following spells:

 Your Spells              Type           Power        Failure   Level  Hunger
a - Sandblast             Erth           ######       1%          1    None
b - Passwall              Tmut/Erth      ####......   1%          2    None
c - Stone Arrow           Conj/Erth      #####.       1%          3    None
d - Petrify               Tmut/Erth      ####....     10%         4    ##.....
e - Lee's Rapid Deconstr  Erth           ######....   3%          5    ####...
f - Sting                 Conj/Pois      ###.         2%          1    None


Dungeon Overview and Level Annotations

Branches:
Dungeon (8/15)             Temple (1/1) D:5            Lair (0/6) D:8

Altars:
Ashenzari
Cheibriados
Dithmenos
Elyvilon
Fedhas
Gozag
Hepliaklqana
Kikubaaqudgha
Makhleb
Nemelex Xobeh
Okawaru
Pakellas
Qazlal
Ru
Sif Muna
Trog
Uskayaw
Vehumet
Xom
Yredelemnul
The Shining One

Shops:
D:6 =


Innate Abilities, Weirdness & Mutations

You are resistant to torment.
Your stone body is resilient. (AC +7)
You are immune to poison.
You resist negative energy. (rN+)
You are resistant to electric shocks. (rElec)
You can survive without breathing.
You are immune to petrification.
You are immune to rotting.


Message History

* * * LOW HITPOINT WARNING * * *
The warg misses you. The warg bites you.
* * * LOW HITPOINT WARNING * * *
There is an open door here.
The warg bites you but does no damage.
You feel much better.
You lose consciousness!
The warg bites you but does no damage. The warg bites you. x2
The warg bites you but does no damage. The warg bites you. The warg bites you!
* * * LOW HITPOINT WARNING * * *
The warg bites you.
* * * LOW HITPOINT WARNING * * *
The warg bites you but does no damage.
The warg pauses to sniff the ground.
The warg bites you.
You die...

...'.....'......#
...#.....#......#
...#.....#......#
...#.....#......#
...#..##.#......######
..##..##.####........#
..#.........#........#
..#.........#.......p#
..#.........'..h@....#########
..'.........#.......<........#
..###.##....#####'###........#
....#.##....##......#........#
....#........#......#........#
....#........#......#........#
....#...............#........#
....#..##...#.......#........#
######'######.......#........#


You could see a warg and a neutral freed slave (wandering).

Vanquished Creatures
  Pikel (D:7)
  Prince Ribbit (D:5)
  Grinder (D:5)
  A hippogriff (D:7)
  Eustachio (D:5)
  Edmund (D:5)
  Menkaure (Ossuary)
  The ghost of crawlian the Firebug, an amateur DEFE (Ossuary)
  A water moccasin (D:6)
  A sky beast (D:5)
  An orc warrior (D:6)
  A black bear (D:4)
  An ice beast (D:5)
  2 ogres
  A centaur (D:5)
  2 elf zombies (D:7)
  An elf skeleton (D:7)
  2 scorpions
  3 crimson imps
  2 centaur zombies
  A quasit (D:7)
  Crazy Yiuf (D:4)
  4 hounds
  A jelly (D:8)
  5 orc wizards
  A giant frog skeleton (D:7)
  3 iguanas
  Natasha (thrice) (D:3)
  A worker ant (D:2)
  2 big kobold zombies (Ossuary)
  4 ogre zombies (Ossuary)
  6 mummies (Ossuary)
  Robin (D:4)
  7 gnolls (D:6)
  9 adders
  A howler monkey skeleton (D:7)
  2 shadow imps
  2 oozes
  5 adder zombies
  3 worms
  3 dart slugs (D:1)
  7 giant geckos
  18 orcs
  9 giant cockroaches
  A gnoll zombie (Ossuary)
  18 goblins
  17 hobgoblins
  13 jackals
  5 ball pythons
  5 bats
  10 giant newts
  9 goblin zombies (Ossuary)
  3 hobgoblin zombies (Ossuary)
  A jackal skeleton (D:5)
  8 kobolds
  2 kobold zombies (Ossuary)
  2 orc skeletons (D:7)
  An orc zombie (D:7)
  3 quokka zombies (Ossuary)
  6 rats
  A rat zombie (Ossuary)
230 creatures vanquished.

Vanquished Creatures (others)
  A jackal (D:7)
1 creature vanquished.

Grand Total: 231 creatures vanquished

Notes
Turn   | Place    | Note
-------+----------+-------------------------------------------
     0 | D:1      | poirepourri the Gargoyle Earth Elementalist began the quest for the Orb.
     0 | D:1      | Reached XP level 1. HP: 10/10 MP: 3/3
    88 | D:1      | Reached XP level 2. HP: 15/15 MP: 0/5
   445 | D:1      | Found a glowing golden altar of the Shining One.
   584 | D:1      | Reached XP level 3. HP: 19/19 MP: 2/7
   937 | D:1      | Reached skill level 3 in Spellcasting
  1396 | D:2      | Reached XP level 4. HP: 24/24 MP: 7/9
  1554 | D:2      | Learned a level 2 spell: Passwall
  1558 | D:2      | Learned a level 3 spell: Stone Arrow
  2157 | D:2      | Found a deep blue altar of Sif Muna.
  2653 | D:3      | Noticed Natasha
  2662 | D:3      | Killed Natasha
  2662 | D:3      | Reached skill level 4 in Spellcasting
  2662 | D:3      | Reached XP level 5. HP: 28/28 MP: 1/11
  2910 | D:3      | Reached skill level 5 in Earth Magic
  3066 | D:3      | Noticed Natasha
  3085 | D:3      | Killed Natasha
  3230 | D:3      | Reached XP level 6. HP: 27/32 MP: 6/13
  3759 | D:3      | Noticed Natasha
  3764 | D:3      | Killed Natasha
  3764 | D:3      | Reached skill level 5 in Spellcasting
  4035 | D:4      | Found a runed door.
  4300 | D:4      | Noticed a black bear
  4306 | D:4      | Noticed Robin
  4388 | D:4      | Killed a black bear
  4388 | D:4      | Reached XP level 7. HP: 36/36 MP: 11/15
  4584 | D:4      | Reached skill level 1 in Conjurations
  4598 | D:4      | Killed Robin
  4934 | D:4      | Noticed Crazy Yiuf
  4936 | D:4      | Killed Crazy Yiuf
  5188 | D:5      | Entered Level 5 of the Dungeon
  5203 | D:5      | Noticed Prince Ribbit
  5223 | D:5      | Killed Prince Ribbit
  5223 | D:5      | Reached skill level 6 in Spellcasting
  5546 | D:5      | Noticed Edmund
  5554 | D:5      | Killed Edmund
  5554 | D:5      | Reached XP level 8. HP: 41/41 MP: 1/18
  5660 | D:5      | Noticed Grinder
  5666 | D:5      | Paralysed by Grinder for 5 turns
  5673 | D:5      | Paralysed by Grinder for 4 turns
  5682 | D:5      | Killed Grinder
  5682 | D:5      | Reached skill level 7 in Spellcasting
  6132 | D:5      | Found a staircase to the Ecumenical Temple.
  6135 | D:5      | Noticed Eustachio
  6148 | D:5      | Killed Eustachio
  6148 | D:5      | Reached skill level 8 in Spellcasting
  6377 | D:5      | Found a glowing golden altar of the Shining One.
  6423 | D:5      | Found an opulent altar of Gozag.
  6490 | Temple   | Entered the Ecumenical Temple
  6515 | Temple   | Became a worshipper of Vehumet
  6767 | D:5      | Found a white marble altar of Elyvilon.
  6937 | D:5      | Found an oddly glowing altar of Pakellas.
  7003 | D:5      | Reached XP level 9. HP: 45/45 MP: 19/21
  7471 | D:6      | Found an ancient bone altar of Kikubaaqudgha.
  7797 | D:6      | Reached skill level 9 in Spellcasting
  8468 | D:6      | Found Eddugaq's Jewellery Boutique.
  8479 | D:6      | Bought a +3 ring of intelligence for 204 gold pieces
  8526 | D:6      | Found a snail-covered altar of Cheibriados.
  9062 | D:7      | Found a sand-covered staircase.
  9068 | Ossuary  | Entered an ossuary
  9078 | Ossuary  | Reached * piety under Vehumet
  9078 | Ossuary  | Offered knowledge of Shock by Vehumet.
  9090 | Ossuary  | Learned a level 4 spell: Petrify
  9096 | Ossuary  | Learned a level 5 spell: Lee's Rapid Deconstruction
 10513 | Ossuary  | Noticed Menkaure
 10515 | Ossuary  | Noticed crawlian's ghost (amateur DEFE)
 10518 | Ossuary  | Killed Menkaure
 10520 | Ossuary  | Killed crawlian's ghost
 10865 | Ossuary  | Offered knowledge of Sting by Vehumet.
 10868 | Ossuary  | Learned a level 1 spell: Sting
 11260 | D:7      | Reached ** piety under Vehumet
 11274 | D:7      | Found a sacrificial altar of Ru.
 11286 | D:7      | Found a sparkling altar of Nemelex Xobeh.
 11286 | D:7      | Found a hazy altar of Hepliaklqana.
 11353 | D:7      | Reached skill level 10 in Spellcasting
 11404 | D:7      | Noticed Pikel
 11469 | D:7      | Killed Pikel
 11469 | D:7      | Reached XP level 10. HP: 36/50 MP: 8/24
 11589 | D:7      | Found a stormy altar of Qazlal.
 11641 | D:7      | Found a basalt altar of Yredelemnul.
 12301 | D:8      | Found a staircase to the Lair.
 12309 | D:8      | HP: 2/50 [orc priest/divine providence (11)]
 12363 | D:7      | Paralysed by fainting for 12 turns
 12367 | D:7      | HP: 2/50 [warg (4)]
 12369 | D:7      | Slain by a warg

Vault maps used:
D:1:      dpeg_arrival_short_road, roderic_roman_lattice, nrook_mini_vaults,
          tso_metal_star
D:2:      lemuel_blue_sif_altar, minmay_octomino_j4
D:3:      uniq_natasha
D:4:      uniq_crazy_yiuf_cottage, uniq_robin
D:5:      lemuel_round_altar, nicolae_overflow_crystal_walls, kennysheep_mini,
          first_bread, minivault_14, grunt_gozag_statues, uniq_edmund,
          uniq_eustachio, uniq_prince_ribbit1, uniq_grinder
D:6:      lemuel_crystal_altar, serial_shops, shop, chei_slow_surprise
D:7:      grunt_temple_overflow_open, grunt_qazlal_sundering, basic_altar,
          nicolae_ossuary_entry_catacombs, uniq_pikel
D:8:      lemuel_round_altar, erik_lair_orcish_takeover
Temple:   chequers_temple_sunken
Ossuary:  ossuary_boxes_badplayer

Skill      XL: |  1  2  3  4  5  6  7  8  9 |
---------------+----------------------------+-----
Earth Magic    | 4 5 6 8 9 |  9.8
Spellcasting   | 3 4 5 6 8 10 | 10.3
Conjurations   | 1 2 4 |  4.5
Dodging        | 2 |  2.2
Stealth        | |  2.1
Transmutations | |  0.7

Action                   |  1- 3 |  4- 6 |  7- 9 | 10-12 || total
-------------------------+-------+-------+-------+-------++-------
Melee: Mace              |       |     2 |     2 |    40 ||    44
       Unarmed           |       |       |     1 |     6 ||     7
 Cast: Sandblast         |    60 |    97 |    78 |       ||   235
       Stone Arrow       |       |    19 |   161 |    15 ||   195
       Lee's Rapid Decon |       |       |     1 |       ||     1
  Use: Scroll            |     3 |     7 |    13 |       ||    23
       Potion            |       |       |     1 |     4 ||     5
  Eat: Meat ration       |     1 |     1 |     2 |       ||     4
       Bread ration      |       |     1 |     1 |       ||     2
       Pizza             |       |     1 |     2 |       ||     3
       Royal jelly       |       |       |     1 |       ||     1
Armor: Robe              |     8 |    26 |    44 |    50 ||   128
Dodge: Dodged            |    33 |    31 |    63 |    52 ||   179
